 Dungeon Crawl Stone Soup version 0.28-a0-268-g3f656e82c2 (webtiles) character file.

Game seed: 12053390078769230192

6 Archison the Sneak (level 1, -1/9 HPs)
             Began as a Spriggan Enchanter on Aug 29, 2021.
             Slain by a jackal (2 damage)
             ... on level 1 of the Dungeon.
             The game lasted 00:01:24 (237 turns).

Archison the Sneak (Spriggan Enchanter)              Turns: 237, Time: 00:01:25

Health: -1/9       AC:  2    Str:  4    XL:     1   Next: 75%
Magic:  5/5        EV: 17    Int: 16    God:
Gold:   0          SH:  0    Dex: 15    Spells: 5/5 levels left

rFire   . . .      SeeInvis +   a - +1 dagger
rCold   . . .      Faith    .   (shield restricted)
rNeg    . . .      Spirit   .   b - +0 robe
rPois   .          Reflect  .   (helmet restricted)
rElec   .          Harm     .   (no cloak)
rCorr   .          Rampage  .   (gloves unavailable)
Will    .....                   (boots unavailable)
Stlth   +++.......              (no amulet)
HPRegen 0.03/turn               (no ring)
MPRegen 0.09/turn               (no ring)

@: very quick
A: very small, no large weapons, unfitting armour, see invisible, speed 3
a: no special abilities


You were on level 1 of the Dungeon.
You visited 1 branch of the dungeon, and saw 1 of its levels.

Inventory:

Hand Weapons
 a - a +1 dagger (weapon)
Armour
 b - a +0 robe (worn)


   Skills:
 + Level 1.1 Short Blades
 + Level 2.6 Dodging
 + Level 4.5 Stealth
 + Level 2.9 Spellcasting
 + Level 3.9 Hexes


You had 5 spell levels left.
You didn't know any spells.
Your spell library contained the following spells:

 Spells                   Type           Power      Damage    Failure   Level
 Confusing Touch          Hex            15%        N/A       11%         3
 Tukima's Dance           Hex            15%        N/A       11%         3
 Ensorcelled Hibernation  Hex/Ice        16%        N/A       13%         2
 Dazzling Flash           Conj/Hex       16%        N/A       26%         3


Dungeon Overview and Level Annotations

Branches:
Dungeon (1/15)

Altars:


Innate Abilities, Weirdness & Mutations

You are very small and have problems with some larger weapons.
You are too small for most types of armour.
You have supernaturally acute eyesight. (SInv)
You cover ground extremely quickly. (Speed+++)


Message History

The ball python closely misses you.
You completely miss the ball python. The ball python misses you. x2
You hit the ball python.
The ball python is moderately wounded.
The ball python misses you. The ball python closely misses you.
You closely miss the ball python.
The ball python is moderately wounded.
The ball python completely misses you. The ball python misses you.
The kobold throws a stone.
The stone closely misses you.
You hit the ball python.
You kill the ball python!
A bat comes into view.
The bat misses you.
The jackal barks!
You hit the bat.
The bat is severely wounded.
The bat hits you.
You hit the bat but do no damage.
The bat is heavily wounded.
The bat hits you but does no damage. The bat barely misses you.
You hit the bat but do no damage.
The bat is heavily wounded.
The bat completely misses you. The jackal closely misses you.
The bat barely misses you. The bat hits you.
* * * LOW HITPOINT WARNING * * *
The jackal barks! x2
You hit the bat.
The bat is severely wounded.
The bat misses you. The bat completely misses you.
You hit the bat.
You kill the bat!
The kobold throws a stone.
The stone misses you. The jackal bites you.
* * * LOW HITPOINT WARNING * * *
The kobold misses you.
You hit the kobold.
The kobold is moderately wounded.
The jackal bites you.
You die...

#.###†###.####.####...##.#.#
#.# #†# #......# #......#.#
#K###.# ######## #..##..#.#
#..K..# ####### #.........
####.## #.....# #......###
#.# #.....# #####.## # #.#
#.....# #.# #.######.....#
#.# #......K@J...#######)#
#...###h##.####..h...#
#h.....h†..# #.######
#..#.##.#######.# #..#.##..
..#g# #.......# #.#.#
##.#h##.#####)#h#
#...h....h.h.h.# ...J.##.###


You could see an endoplasm, 2 jackals and a kobold.

Vanquished Creatures
  2 ball pythons (D:1)
  A bat (D:1)
  A goblin (D:1)
  2 rats (D:1)
6 creatures vanquished.

Notes
Turn   | Place    | Note
-------+----------+-------------------------------------------
     0 | D:1      | Archison the Spriggan Enchanter began the quest for the
                  | Orb.
     0 | D:1      | Reached XP level 1. HP: 9/9 MP: 5/5
   237 | D:1      | Slain by a jackal

Illustrated notes

Levels and vault maps discovered:
D:1:      dpeg_arrival_tiny_b, layout_loops_cross,
          hellmonk_ecumenical_altar_defaced_shrine

Action                   || total
-------------------------++-------
Melee: Dagger            ||    32
  Use: Potion            ||     1
 Stab: Invisible         ||     1
Armor: Robe              ||     3
Dodge: Dodged            ||    40

Table legend: (Time is in decaauts)
 A = Elapsed time spent in this place.
 B = Non-inter-level travel time spent in this place.
 C = Inter-level travel time spent in this place.
 D = Time resting spent in this place.
 E = Time spent auto-exploring this place.
 F = Levels seen in this place.
 G = Mean time per level.
                   A        B        C        D        E       F      G
               +--------+--------+--------+--------+--------+-----+--------+
         Total |    158 |    158 |      0 |     10 |     20 |   1 |  158.0 |
       Dungeon |    158 |    158 |      0 |     10 |     20 |   1 |  158.0 |
               +--------+--------+--------+--------+--------+-----+--------+

Top non-repeatable levels by time:
     D:1: 158 daAuts
